ESL (28 & UNDER)
READING RAINBOWS @ SPRINGFIELD SIMPSONS
04/10/2026
 
TOP OF THE 1ST
Reading Rainbows batting - Pitching for Springfield Simpsons : RHP Mark Anderson
Pitching: RHP Mark Anderson
Batting: LHB Miguel Colón 0-0: Ball
1-0: Called Strike
1-1: Swinging Strike
1-2: Ball
2-2: Strikes out looking
Batting: LHB Alfonso Ruíz 0-0: SINGLE (Groundball, 34D) (infield hit)
Batting: RHB Dan Banks 0-0: Swinging Strike
0-1: Ball
1-1: Foul Ball, location: 2F
1-2: Ball
2-2: SINGLE (Line Drive, 56D)
Alfonso Ruíz to second
Batting: RHB Germano Labrego 0-0: Ball
1-0: Called Strike
1-1: Called Strike
1-2: Ball
2-2: Foul Ball, location: 2F
2-2: Ball
3-2: Strikes out swinging
Batting: LHB Shane Lynch 0-0: Ball
1-0: Called Strike
1-1: Ball
2-1: Swinging Strike
2-2: Strikes out swinging
Top of the 1st over - 0 run(s), 2 hit(s), 0 error(s), 2 left on base; Reading 0 - Springfield 0
BOTTOM OF THE 1ST
Springfield Simpsons batting - Pitching for Reading Rainbows : LHP Dave Watkins
Pitching: LHP Dave Watkins
Batting: SHB Jorge García 0-0: Ball
1-0: Foul Ball, location: 2F
1-1: Foul Ball, location: 2F
1-2: Strikes out swinging
Batting: SHB José Cruz 0-0: Ball
1-0: Fly out, F4 (Line Drive, 4)
Batting: RHB Esteban Salas 0-0: Ball
1-0: Reached on error, E5 (Groundball, 5)
Batting: LHB José González 0-0: Foul Ball, location: 2F
0-1: Ball
1-1: Ball
2-1: Fly out, F8 (Flyball, 8RM)
Bottom of the 1st over - 0 run(s), 0 hit(s), 1 error(s), 1 left on base; Reading 0 - Springfield 0
TOP OF THE 2ND
Reading Rainbows batting - Pitching for Springfield Simpsons : RHP Mark Anderson
Batting: RHB Albert Lutz 0-0: Fly out, F6 (Popup, 56D)
Batting: RHB Von Ford 0-0: Called Strike
0-1: Foul Ball, location: 2F
0-2: Ball
1-2: Ball
2-2: Ball
3-2: Base on Balls
Batting: LHB Wally Coker 0-0: Called Strike
0-1: Foul Ball, location: 2F
0-2: Ball
1-2: Grounds into double play, 5-4-3 (Groundball, 5)
Top of the 2nd over - 0 run(s), 0 hit(s), 0 error(s), 0 left on base; Reading 0 - Springfield 0
BOTTOM OF THE 2ND
Springfield Simpsons batting - Pitching for Reading Rainbows : LHP Dave Watkins
Batting: RHB Brant Sherman 0-0: Foul Ball, location: 2F
0-1: Swinging Strike
0-2: Foul Ball, location: 2F
0-2: Strikes out swinging
Batting: RHB Gavin Downey 0-0: Ball
1-0: Fly out, F8 (Flyball, 78XD)
Batting: LHB Tony O'Bryan 0-0: Ball
1-0: Swinging Strike
1-1: Called Strike
1-2: SINGLE (Line Drive, 78S)
Batting: RHB Manny Ramírez 0-0: Fielders Choice at 2nd, 6-4 (Groundball, 6)
Bottom of the 2nd over - 0 run(s), 1 hit(s), 0 error(s), 0 left on base; Reading 0 - Springfield 0
TOP OF THE 3RD
Reading Rainbows batting - Pitching for Springfield Simpsons : RHP Mark Anderson
Batting: RHB Donald Sanford 0-0: Ground out 5-3 (Groundball, 5S)
Batting: LHB Miguel Colón 0-0: Called Strike
0-1: Ball
1-1: Ball
2-1: Foul Ball, location: 2F
2-2: Ball
3-2: Strikes out looking
Batting: LHB Alfonso Ruíz 0-0: Ball
1-0: Swinging Strike
1-1: Ball
2-1: Swinging Strike
2-2: Fly out, F7 (Flyball, 7M)
Top of the 3rd over - 0 run(s), 0 hit(s), 0 error(s), 0 left on base; Reading 0 - Springfield 0
BOTTOM OF THE 3RD
Springfield Simpsons batting - Pitching for Reading Rainbows : LHP Dave Watkins
Batting: RHB Jeff Lloyd 0-0: Foul Ball, location: 2F
0-1: Ball
1-1: Ball
2-1: Ground out 5-3 (Groundball, 56S)
Batting: SHB Jorge García 0-0: Ball
1-0: Ground out 5-3 (Groundball, 5S)
Batting: SHB José Cruz 0-0: Called Strike
0-1: Ball
1-1: Ball
2-1: Fly out, F4 (Line Drive, 4D)
Bottom of the 3rd over - 0 run(s), 0 hit(s), 0 error(s), 0 left on base; Reading 0 - Springfield 0
TOP OF THE 4TH
Reading Rainbows batting - Pitching for Springfield Simpsons : RHP Mark Anderson
Batting: RHB Dan Banks 0-0: Called Strike
0-1: Ground out 6-3 (Groundball, 6)
Batting: RHB Germano Labrego 0-0: Called Strike
0-1: SINGLE (Line Drive, 56D)
Batting: LHB Shane Lynch 0-0: Foul Ball, location: 2F
0-1: Foul Ball, location: 2F
0-2: Foul Ball, location: 2F
0-2: Foul Ball, location: 2F
0-2: Ball
1-2: Foul Ball, location: 2F
1-2: Ball
2-2: Fielders Choice at 2nd, 1-4 (Groundball, 13)
Batting: RHB Albert Lutz 0-0: Ball
1-0: Foul Ball, location: 2F
1-1: Foul Ball, location: 2F
1-2: Strikes out swinging
Top of the 4th over - 0 run(s), 1 hit(s), 0 error(s), 1 left on base; Reading 0 - Springfield 0
BOTTOM OF THE 4TH
Springfield Simpsons batting - Pitching for Reading Rainbows : LHP Dave Watkins
Batting: RHB Esteban Salas 0-0: Called Strike
0-1: Swinging Strike
0-2: Foul Ball, location: 2F
0-2: Ball
1-2: Ball
2-2: Ball
3-2: SINGLE (Flyball, 9S)
Batting: LHB José González 0-0: Ball
1-0: Ball
2-0: Called Strike
2-1: Foul Ball, location: 2F
2-2: Foul Ball, location: 2F
2-2: Foul Ball, location: 2F
2-2: Foul Ball, location: 2F
2-2: SINGLE (Groundball, 34)
Esteban Salas to second
Runner from 2nd tries for 3rd, OUT!
Batting: RHB Brant Sherman 0-0: Swinging Strike
Passed Ball!
José González to second
0-1: SINGLE (Flyball, 7LM)
José González to third
Runner from 3rd tries for Home, SAFE, throw made home
Brant Sherman to second
Batting: RHB Gavin Downey 0-0: Ball
1-0: Ball
Brant Sherman steals 3rd base
2-0: Ball
3-0: Base on Balls
Batting: LHB Tony O'Bryan 0-0: Ball
1-0: Called Strike
1-1: Ball
2-1: SINGLE (Line Drive, 34)
Brant Sherman scores
Gavin Downey to second
Batting: RHB Manny Ramírez 0-0: Swinging Strike
0-1: Foul Ball, location: 2F
0-2: Ball
1-2: Foul Ball, location: 2F
1-2: Ball
Wild Pitch!
Gavin Downey to third
Tony O'Bryan to second
2-2: Foul Ball, location: 2F
2-2: Ball
3-2: Strikes out looking
Batting: RHB Jeff Lloyd 0-0: Ball
1-0: Called Strike
1-1: Swinging Strike
1-2: Ball
2-2: Fly out, F8 (Popup, 4MD)
Bottom of the 4th over - 2 run(s), 4 hit(s), 0 error(s), 2 left on base; Reading 0 - Springfield 2
TOP OF THE 5TH
Reading Rainbows batting - Pitching for Springfield Simpsons : RHP Mark Anderson
Batting: RHB Von Ford 0-0: Swinging Strike
0-1: Ball
1-1: Swinging Strike
1-2: Ball
2-2: Foul Ball, location: 2F
2-2: Strikes out looking
Batting: LHB Wally Coker 0-0: Ground out 6-3 (Groundball, 6S)
Batting: RHB Donald Sanford 0-0: Called Strike
0-1: Ball
1-1: Swinging Strike
1-2: DOUBLE (Line Drive, 7LM)
Batting: LHB Miguel Colón 0-0: Ball
1-0: Called Strike
1-1: Called Strike
1-2: Strikes out swinging
Top of the 5th over - 0 run(s), 1 hit(s), 0 error(s), 1 left on base; Reading 0 - Springfield 2
BOTTOM OF THE 5TH
Springfield Simpsons batting - Pitching for Reading Rainbows : LHP Dave Watkins
Batting: SHB Jorge García 0-0: Foul Ball, location: 2F
0-1: Swinging Strike
0-2: Ground out 6-3 (Groundball, 6)
Batting: SHB José Cruz 0-0: Foul Ball, location: 2F
0-1: Ball
1-1: Ground out 4-3 (Groundball, 4M)
Batting: RHB Esteban Salas 0-0: Ball
1-0: Called Strike
1-1: Swinging Strike
1-2: Ball
2-2: SINGLE (Groundball, 56D)
Pitching: RHP Chris Lee
Batting: LHB José González 0-0: Ball
1-0: Ground out 4-3 (Groundball, 4)
Bottom of the 5th over - 0 run(s), 1 hit(s), 0 error(s), 1 left on base; Reading 0 - Springfield 2
TOP OF THE 6TH
Reading Rainbows batting - Pitching for Springfield Simpsons : RHP Mark Anderson
Batting: LHB Alfonso Ruíz 0-0: Ball
1-0: Foul Ball, location: 2F
1-1: Ball
2-1: Ball
3-1: Base on Balls
Pitching: RHP Cristián Torres
Batting: RHB Dan Banks 0-0: Ball
1-0: Swinging Strike
1-1: Ball
2-1: Foul Ball, location: 2F
2-2: Ball
3-2: SINGLE (Groundball, 4D)
Alfonso Ruíz to second
Alfonso Ruíz to third
Batting: RHB Germano Labrego 0-0: Ball
1-0: Foul Ball, location: 2F
1-1: Called Strike
Dan Banks steals 2nd base
1-2: Strikes out swinging
Batting: LHB Shane Lynch 0-0: Swinging Strike
0-1: Ball
1-1: Foul Ball, location: 2F
1-2: Strikes out swinging
Batting: RHB Albert Lutz 0-0: Foul Ball, location: 2F
0-1: Ball
Wild Pitch!
Alfonso Ruíz scores
Dan Banks to third
1-1: Called Strike
1-2: Strikes out swinging
Top of the 6th over - 1 run(s), 1 hit(s), 0 error(s), 1 left on base; Reading 1 - Springfield 2
BOTTOM OF THE 6TH
Springfield Simpsons batting - Pitching for Reading Rainbows : RHP Chris Lee
Batting: RHB Brant Sherman 0-0: Called Strike
0-1: Ball
1-1: Ball
2-1: Ball
3-1: Called Strike
3-2: Base on Balls
Batting: RHB Gavin Downey 0-0: Ball
1-0: Called Strike
1-1: DOUBLE (Line Drive, 9LS)
Brant Sherman to third
Runner from 3rd tries for Home, SAFE, no throw or cutoff
Batting: LHB Tony O'Bryan 0-0: Called Strike
0-1: Foul Ball, location: 2F
0-2: Ball
1-2: Strikes out swinging
Batting: RHB Manny Ramírez 0-0: Ball
1-0: Called Strike
1-1: Ground out 6-3 (Groundball, 6)
Batting: RHB Jeff Lloyd 0-0: Ball
1-0: Ball
2-0: Called Strike
2-1: Fly out, F5 (Popup, 5SF)
Bottom of the 6th over - 1 run(s), 1 hit(s), 0 error(s), 1 left on base; Reading 1 - Springfield 3
TOP OF THE 7TH
Reading Rainbows batting - Pitching for Springfield Simpsons : RHP Cristián Torres
Batting: RHB Von Ford 0-0: Called Strike
0-1: Ball
1-1: Called Strike
1-2: Fly out, F7 (Flyball, 7LM)
Batting: LHB Wally Coker 0-0: Swinging Strike
0-1: Ground out 5-3 (Groundball, 56)
Batting: RHB Donald Sanford 0-0: Swinging Strike
0-1: Foul Ball, location: 2F
0-2: Strikes out swinging
Top of the 7th over - 0 run(s), 0 hit(s), 0 error(s), 0 left on base; Reading 1 - Springfield 3
BOTTOM OF THE 7TH
Springfield Simpsons batting - Pitching for Reading Rainbows : RHP Chris Lee
Batting: SHB Jorge García 0-0: Ball
1-0: Foul Ball, location: 2F
1-1: Ground out 1-3 (Groundball, 13S)
Batting: SHB José Cruz 0-0: Ground out U3 (Groundball, 3S)
Batting: RHB Esteban Salas 0-0: Called Strike
0-1: Swinging Strike
0-2: Strikes out swinging
Bottom of the 7th over - 0 run(s), 0 hit(s), 0 error(s), 0 left on base; Reading 1 - Springfield 3
TOP OF THE 8TH
Reading Rainbows batting - Pitching for Springfield Simpsons : RHP Cristián Torres
Pitching: RHP Ryan Klein
Batting: LHB Miguel Colón 0-0: Called Strike
0-1: Ball
1-1: Ground out 3-1 (Groundball, 34S)
Batting: LHB Alfonso Ruíz 0-0: Ball
1-0: Swinging Strike
1-1: SOLO HOME RUN (Line Drive, 8LD), Distance : 435 ft
Batting: RHB Dan Banks 0-0: Called Strike
0-1: Called Strike
0-2: Ball
1-2: Strikes out looking
Batting: RHB Germano Labrego 0-0: Called Strike
0-1: DOUBLE (Groundball, 5L)
Pitching: LHP Alberto Martínez
Pinch Hitting: RHB Hubert Brown 0-0: Ground out 5-3 (Groundball, 56)
Top of the 8th over - 1 run(s), 2 hit(s), 0 error(s), 1 left on base; Reading 2 - Springfield 3
BOTTOM OF THE 8TH
Springfield Simpsons batting - Pitching for Reading Rainbows : RHP Chris Lee
Pitching: LHP Robby Hall
Now in LF: Richard Henry
Batting: LHB José González 0-0: Ball
1-0: Called Strike
1-1: Called Strike
1-2: Fly out, F8 (Flyball, 8RD)
Batting: RHB Brant Sherman 0-0: Ball
1-0: Called Strike
1-1: Foul Ball, location: 2F
1-2: Strikes out looking
Batting: RHB Gavin Downey 0-0: Called Strike
0-1: Ground out 4-3 (Groundball, 4S)
Bottom of the 8th over - 0 run(s), 0 hit(s), 0 error(s), 0 left on base; Reading 2 - Springfield 3
TOP OF THE 9TH
Reading Rainbows batting - Pitching for Springfield Simpsons : LHP Alberto Martínez
Pitching: LHP David Taylor
Now at C: Kawanari Hara
Now at 2B: Pedro Cerda
Batting: RHB Albert Lutz 0-0: Ball
1-0: Called Strike
1-1: Ball
2-1: Ball
3-1: Base on Balls
Batting: RHB Von Ford 0-0: Ball
1-0: Foul Ball, location: 2F
1-1: Swinging Strike
1-2: Strikes out looking
Pinch Hitting: RHB Kyle Hollingsworth 0-0: Ball
1-0: Ball
2-0: Called Strike
2-1: Ball
3-1: Foul Ball, location: 2F
3-2: Base on Balls
Albert Lutz to second
Batting: RHB Donald Sanford 0-0: Ball
1-0: Grounds into double play, 6-4-3 (Groundball, 6)
Top of the 9th over - 0 run(s), 0 hit(s), 0 error(s), 1 left on base; Reading 2 - Springfield 3
Monday, December 5th, 2016 - OOTP Baseball 17.12 Build 75